 Dungeon Crawl Stone Soup version 0.21.1-72-gffa868e0fe (webtiles) character file.

43 OlSheep the Firebug (level 3, 0/24 HPs)
             Began as a Human Fire Elementalist on Aug 4, 2018.
             Slain by an adder (1 damage)
             ... on level 2 of the Dungeon.
             The game lasted 00:08:14 (1647 turns).

OlSheep the Firebug (Human Fire Elementalist)       Turns: 1647, Time: 00:08:15

Health: 0/24       AC:  4    Str:  9    XL:     3   Next: 82%
Magic:  4/6        EV: 12    Int: 15    God:
Gold:   48         SH:  0    Dex: 13    Spells: 3/6 levels left

rFire    . . .     SeeInvis .   a - +0 spear
rCold    . . .     Gourm    .   (no shield)
rNeg     . . .     Faith    .   h - +0 leather armour
rPois    .         Spirit   .   (no helmet)
rElec    .         Reflect  .   (no cloak)
rCorr    .         Harm     .   k - +0 pair of gloves
MR       .....                  (no boots)
Stlth    ++........             (no amulet)
HPRegen  0.08/turn              (no ring)
MPRegen  0.10/turn              (no ring)

@: lethally poisoned (0 -> -4), very slightly contaminated
A: no striking features
a: no special abilities


You were on level 2 of the Dungeon.
You were not hungry.

You visited 1 branch of the dungeon, and saw 2 of its levels.

You collected 48 gold pieces.

Inventory:

Hand Weapons
 a - a +0 spear (weapon)
 b - a +0 hunting sling
Missiles
 m - 64 stones (quivered)
Armour
 h - a +0 leather armour (worn)
 k - a +0 pair of gloves (worn)
Jewellery
 i - an uncursed amulet of regeneration {unknown}
 q - an uncursed ring of resist corrosion {unknown}
Scrolls
 d - 2 scrolls of identify {unknown}
 g - a scroll of fear {unknown}
 l - a scroll of noise {unknown}
 n - a scroll of teleportation {unknown}
Books
 j - a book of Flames

   Spells                             Type                      Level
   a - Flame Tongue                   Conjuration/Fire             1
   b - Throw Flame                    Conjuration/Fire             2
   c - Conjure Flame                  Conjuration/Fire             3
   d - Inner Flame                    Hexes/Fire                   3
   e - Sticky Flame                   Conjuration/Fire             4
   f - Fireball                       Conjuration/Fire             5
Comestibles
 c - 2 rations


   Skills:
 + Level 0.1 Fighting
 - Level 2.0 Dodging
 - Level 2.0 Stealth
 + Level 2.2 Spellcasting
 - Level 1.0 Conjurations
 * Level 4.2 Fire Magic


You had 3 spell levels left.
You knew the following spells:

 Your Spells              Type           Power        Failure   Level  Hunger
a - Flame Tongue          Conj/Fire      #....        11%         1    #......
b - Throw Flame           Conj/Fire      #.....       16%         2    ###....


Dungeon Overview and Level Annotations

Branches:
Dungeon (2/15)

Altars:


Message History

Your +0 leather armour unmelds from your body.
As you read the scroll labeled WOPTOIMUAMM, it crumbles to dust.
You feel aware of your surroundings.
You sensed 1 altar.
It was a scroll of magic mapping.
As you read the scroll labeled MUDEPRUI UREODD, it crumbles to dust.
The creatures around you are filled with an inner flame!
It was a scroll of immolation.
The adder closely misses you. The adder bites you.
* * * LOW HITPOINT WARNING * * *
You are lethally poisoned!
The adder poisons you!
Casting: Flame Tongue
Confirm with . or Enter, or press ? or * to list all spells.
Aiming: Flame Tongue
Press: ? - help, Shift-Dir - straight line, f - adder
Aim: an adder (inner flame)
The flame tongue misses the adder.
* * * LOW HITPOINT WARNING * * *
You feel sick. The adder bites you.
You die...

,,* #....#,**,,,,,#..##.#....##
,,* *#...#.########..##.#.†#..#
,,*#####...#.....................
,,,......>.##############..##.##.
,,,..(####.# #..#...#. ,,,,,,*
#S# #........ ,,***** #.#
##.#..... *,,** #.#########
##.##..## +*,,** #.....S@..#
#.....#.. ***,,* #########.#
#.##..#.. ,**#.# #.# #.#....##
**#..# #.# #........ *#...#
#.######.#...#.. #..#.#
#......#.##.##.# ..##.#
#......#.......# .###.#
#......######...
.....#############......######...


You could see an adder (inner flame).

Vanquished Creatures
  An adder (D:2)
  A dart slug (D:2)
  3 leopard geckos
  A giant cockroach (D:1)
  3 goblins
  3 hobgoblins (D:1)
  A quokka (D:2)
  3 bats
  5 frilled lizards (D:1)
  5 kobolds
  5 rats
31 creatures vanquished.

Notes
Turn   | Place    | Note
-------+----------+-------------------------------------------
     0 | D:1      | OlSheep the Human Fire Elementalist began the quest for the Orb.
     0 | D:1      | Reached XP level 1. HP: 13/13 MP: 3/3
     2 | D:1      | Noticed an elf
     2 | D:1      | Noticed a ghoul
     4 | D:1      | Noticed a dwarf
     6 | D:1      | Noticed a naga
     8 | D:1      | Noticed a demonspawn
     8 | D:1      | Noticed a centaur
    10 | D:1      | Noticed a tengu
    10 | D:1      | Noticed a vine stalker
    12 | D:1      | Noticed a spriggan
    12 | D:1      | Noticed a troll
    14 | D:1      | Noticed a minotaur
    16 | D:1      | Noticed an octopode
    18 | D:1      | Noticed a formicid
    18 | D:1      | Noticed a human
    20 | D:1      | Noticed a merfolk
    20 | D:1      | Noticed a felid
    22 | D:1      | Noticed a vampire
    22 | D:1      | Noticed an ogre
    24 | D:1      | Noticed a draconian
    24 | D:1      | Noticed a gargoyle
    26 | D:1      | Noticed a halfling
    26 | D:1      | Noticed a demigod
   357 | D:1      | Reached XP level 2. HP: 17/19 MP: 1/5
   532 | D:1      | Learned a level 2 spell: Throw Flame
  1112 | D:2      | Reached XP level 3. HP: 24/24 MP: 1/6
  1241 | D:2      | Reached skill level 4 in Fire Magic
  1647 | D:2      | HP: 1/24 [poisoned by an adder]
  1647 | D:2      | Slain by an adder

Skill      XL: |  1  2  3 |
---------------+----------+-----
Fire Magic     | 4 |  4.2
Fighting       | |  0.1
Dodging        | |  2.0
Stealth        | |  2.0
Spellcasting   | |  2.2
Conjurations   | |  1.0

Action                   || total
-------------------------++-------
Melee: Spear             ||    49
 Fire: Hunting sling     ||     6
 Cast: Flame Tongue      ||    27
       Throw Flame       ||    16
  Use: Scroll            ||     2
       Potion            ||     1
  Eat: Chunk             ||     4
Armor: Leather armour    ||    14
       Robe              ||     1
Dodge: Dodged            ||    39
